 Dungeon Crawl Stone Soup version 0.24-a0-487-g57318f2 (webtiles) character file.

Game seed: 7712795166051014935

38 CaptainSheepy the Sneak (level 3, 25/25 HPs)
             Began as a Vampire Enchanter on July 10, 2019.
             Quit the game on level 2 of the Dungeon on June 14, 2020.
             The game lasted 00:14:00 (1260 turns).

CaptainSheepy the Sneak (Vampire Enchanter)         Turns: 1260, Time: 00:14:01

Health: 25/25      AC:  5    Str:  7    XL:     3   Next: 25%
Magic:  6/6        EV: 13    Int: 18    God:
Gold:   58         SH:  0    Dex: 14    Spells: 3/6 levels left

rFire    . . .     SeeInvis +   a - +1 dagger
rCold    . . .     Gourm    .   (no shield)
rNeg     . . .     Faith    .   b - +0 robe
rPois    .         Spirit   .   (no helmet)
rElec    .         Reflect  .   (no cloak)
rCorr    .         Harm     .   (no gloves)
MR       .....                  o - +2 pair of boots {Stlth+}
Stlth    ++++......             (no amulet)
HPRegen  0.28/turn              (no ring)
MPRegen  0.10/turn              (no ring)

@: regenerating quickly
A: no food, fangs 3, see invisible, unbreathing
a: Exsanguinate


You were on level 2 of the Dungeon.
You were alive.

You visited 1 branch of the dungeon, and saw 2 of its levels.

You collected 58 gold pieces.

Inventory:

Hand Weapons
 a - a +1 dagger (weapon)
Armour
 b - a +0 robe (worn)
 o - a +2 pair of boots of stealth (worn)
Jewellery
 l - an uncursed ring of protection from cold
Scrolls
 e - a scroll of fog {unknown}
 f - 2 scrolls of amnesia {unknown}
 g - 2 scrolls of identify
 h - 2 scrolls of magic mapping {unknown}
 i - a scroll of immolation {unknown}
 m - a scroll of enchant armour {unknown}
Potions
 c - 3 potions of curing {unknown}
 j - a potion of invisibility {unknown}
 k - 2 potions of lignification {unknown}
 n - a potion of brilliance {unknown}


   Skills:
 + Level 0.4 Fighting
 + Level 1.6 Short Blades
 + Level 2.5 Dodging
 + Level 4.9 Stealth
 + Level 2.3 Spellcasting
 + Level 4.7 Hexes
 + Level 0.2 Ice Magic


You had 3 spell levels left.
You knew the following spells:

 Your Spells              Type           Power        Failure   Level  Hunger
a - Corona                Hex            ###....      2%          1    N/A
b - Ensorcelled Hibernat  Hex/Ice        ##....       10%         2    N/A

Your spell library contained the following spells:

 Spells                   Type           Power        Failure   Level  Hunger
 Confuse                  Hex            ###.....     8%          3    N/A
 Tukima's Dance           Hex            ###.....     8%          3    N/A
 Dazzling Spray           Conj/Hex       ##....       21%         3    N/A

Dungeon Overview and Level Annotations

Branches:
Dungeon (2/15)

Altars:


Innate Abilities, Weirdness & Mutations

You do not eat.
Your natural rate of healing is unusually fast.
You have razor-sharp teeth.
You have supernaturally acute eyesight. (SInv)
You can survive without breathing.


Message History

Found 7 gold pieces.
Found an amethyst potion.
As you read the scroll of teleportation, it crumbles to dust.
You feel strangely unstable.
Found a stone staircase leading down and a stone staircase leading up.
Your surroundings suddenly seem different.
You start resting.
Your magical contamination has completely faded away.
You start resting.
Magic restored.
You start resting.
HP restored.
Save game and exit?
Welcome back, CaptainSheepy the Vampire Enchanter.
Press ? for a list of commands and other information.
Welcome back, CaptainSheepy the Vampire Enchanter.
Press ? for a list of commands and other information.
Welcome back, CaptainSheepy the Vampire Enchanter.
Press ? for a list of commands and other information.
Are you sure you want to abandon this character and quit the game? (Confirm with "yes".)

#............#
###..♣♣♣♣♣.♣♣..## #.
.....♣♣♣♣♣♣♣♣♣..# #.#
##...♣♣._♣♣♣ ♣..####.# #####
####♣.♣.♣.♣ ♣♣......### ...#
♣♣♣♣.♣♣♣♣♣........#######.##
♣...♣♣..♣..###......(...†...
.
♣♣.♣♣♣..♣.♣.###....####....#
%. ♣♣...♣.♣.♣@.......#
#.#### .. ♣♣♣♣♣..♣...##...)#
#..#
♣.♣..♣..♣......†...##..##
#.♣.♣....########...#..#
#......### ### ......#
######.###.... .###...# #
##.....# #...#### #
##...#### ####....###
##..#.# #.........#


There were no monsters in sight!

Vanquished Creatures
  A worm (D:2)
  A leopard gecko (D:1)
  7 bats
  2 giant cockroaches (D:1)
  3 goblins (D:1)
  5 jackals (D:1)
  6 kobolds (D:1)
  A quokka (D:1)
  A ball python (D:1)
  2 frilled lizards (D:1)
  5 rats
34 creatures vanquished.

Notes
Turn   | Place    | Note
-------+----------+-------------------------------------------
     0 | D:1      | CaptainSheepy the Vampire Enchanter began the quest for the
                  | Orb.
     0 | D:1      | Reached XP level 1. HP: 13/13 MP: 3/3
   287 | D:1      | Reached XP level 2. HP: 19/19 MP: 5/5
   291 | D:1      | Learned a level 2 spell: Ensorcelled Hibernation
   765 | D:1      | Reached XP level 3. HP: 23/24 MP: 4/6
  1140 | D:2      | Found a faded altar of an unknown god.
  1260 | D:2      | Quit the game

Levels and vault maps discovered:
D:1:      onia_arrival_larder, layout_basic
D:2:      layout_rooms, chequers_ecumenical_altar_grove

Action                   || total
-------------------------++-------
Melee: Dagger            ||   147
       Bite              ||    11
 Cast: Corona            ||     6
       Ensorcelled Hiber ||     9
  Use: Scroll            ||     4
 Stab: Sleeping          ||    11
Armor: Robe              ||    49
Dodge: Dodged            ||   153

Table legend:
 A = Non-vault XP
 B = Vault XP
 C = Vault XP percentage of total XP
 D = Non-vault monster count
 E = Vault monster count
 F = Vault count percentage of total count
                 A         B        C        D         E       F
            +---------+---------+-------+---------+---------+-------
      Total |      49 |       6 |  10.9 |      30 |       4 |  11.8
            +---------+---------+-------+---------+---------+-------
        D:1 |      41 |       6 |  12.8 |      26 |       4 |  13.3
        D:2 |       8 |       0 |   0.0 |       4 |       0 |   0.0
            +---------+---------+-------+---------+---------+-------
